 Dungeon Crawl Stone Soup version 0.26-a0-651-gb41185065b (webtiles) character file.

Game seed: 7606281654202859338

1679 Flugslaktarn the Chopper (level 8, -2/76 HPs)
             Began as a Deep Dwarf Fighter on Oct 2, 2020.
             Was a Believer of Makhleb.
             Slain by Harold
             ... wielding a +1 scimitar of holy wrath
              (14 damage)
             ... on level 7 of the Dungeon on Oct 3, 2020.
             The game lasted 00:02:58 (3392 turns).

Flugslaktarn the Chopper (Deep Dwarf Fighter)       Turns: 3392, Time: 00:02:59

Health: -2/76      AC: 11    Str: 22    XL:     8   Next: 70%
Magic:  4/4        EV:  6    Int:  9    God:    Makhleb [**....]
Gold:   401        SH: 10    Dex: 12    Spells: 7/7 levels left

rFire    . . .     SeeInvis .   a - +1 war axe
rCold    . . .     Faith    +   c - +0 kite shield
rNeg     . . .     Spirit   .   E - +0 chain mail
rPois    .         Reflect  .   (no helmet)
rElec    .         Harm     .   D - +0 cloak
rCorr    +         Rampage  .   (no gloves)
MR       +....                  (no boots)
Stlth    ..........             y - amulet of faith
HPRegen  0.00/turn              k - ring of resist corrosion
MPRegen  0.09/turn              (no ring)

@: marked, non-regenerating, studying Axes, lightly drained
A: damage resistance, heal wounds, sense surroundings 1, no regeneration
a: Heal Wounds, Minor Destruction, Renounce Religion


You were on level 7 of the Dungeon.
You worshipped Makhleb.
Makhleb was pleased with you.
You visited 2 branches of the dungeon, and saw 8 of its levels.

You collected 401 gold pieces.

Inventory:

Hand Weapons
 a - a +1 war axe (weapon)
Armour
 c - a +0 kite shield (worn)
 D - a +0 cloak (worn)
   (You took it off Crazy Yiuf on level 6 of the Dungeon)
 E - a +0 chain mail (worn)
   (You took it off an orc warrior on level 6 of the Dungeon)
Jewellery
 k - a ring of resist corrosion (left hand)
   (You found it on level 6 of the Dungeon)
 y - an amulet of faith (around neck)
   (You found it on level 5 of the Dungeon)
Wands
 B - a wand of iceblast (7)
   (You found it on level 5 of the Dungeon)
Scrolls
 f - a scroll of magic mapping
 p - a scroll of immolation
 t - 5 scrolls of teleportation
 u - a scroll of fog
 v - 2 scrolls of fear
 x - 2 scrolls of remove curse
 z - a scroll of blinking
Potions
 b - a potion of haste {unknown}
 d - 4 potions of might
 h - a potion of cancellation
 j - a potion of mutation
 m - a potion of flight
 n - a potion of lignification
 o - a potion of berserk rage
 q - 3 potions of curing
 w - 2 potions of heal wounds
 A - a potion of stabbing {unknown}
Books
 C - a manual of Axes
   (You found it on level 6 of the Dungeon)


   Skills:
 * Level 6.2(5.8) Fighting
 * Level 7.7(7.4) Axes
 + Level 5.6(5.3) Armour
 + Level 5.7(5.4) Shields
 + Level 4.4(4.1) Invocations


You had 7 spell levels left.
You didn't know any spells.
Your spell library was empty.

Dungeon Overview and Level Annotations

Branches:
Dungeon (7/15)             Temple (1/1) D:4

Altars:
Ashenzari
Cheibriados
Elyvilon
Gozag
Kikubaaqudgha
Makhleb
Sif Muna
Trog
Uskayaw
Wu Jian
Xom
Yredelemnul
Zin

Annotations:
D:7 Harold


Innate Abilities, Weirdness & Mutations

You are resistant to damage.
You can heal yourself by infusing magical energy.
You passively map a small area around you.
You do not regenerate.


Message History

You are too injured to fight recklessly!
You hit Harold.
Harold is severely wounded.
Harold barely misses you.
You are too injured to fight recklessly!
You closely miss Harold.
Harold is severely wounded.
Harold says happily, "The price on your head will fill my nest egg nicely!"
Harold hits you with a +1 scimitar of holy wrath!
* * * LOW HITPOINT WARNING * * *
You are too injured to fight recklessly!
You closely miss Harold.
Harold is severely wounded.
Harold points at you and mumbles some strange words.
The mark upon you grows brighter.
You are too injured to fight recklessly!
You slash Harold!
Harold is almost dead.
Harold hits you with a +1 scimitar of holy wrath!
You die...

*, #.#.#..##.##
#.#....##.## ,
#.#.###..?## , ####..##
##..## * * #.....#
#.... * ,, #.###.##
##..## * #
##.####.###...## * *
#..####...###....#..##
,
#..o@@.(#..รท..........
*#.#####...####.###..##
* * * ##.## #.# #..# *
#.# #.# #..# * ##.##
#.# #..##
.#####>..####.# #....
.......?......# ##... ,
######...###### #### *
##.##


You could see Harold and an orc.

Vanquished Creatures
  2 orc warriors
  2 ice beasts
  A sky beast (D:6)
  A phantom (D:7)
  2 centaurs
  A bullfrog (D:6)
  A scorpion (D:4)
  5 wights (D:6)
  A howler monkey (D:5)
  6 orc wizards (D:5)
  3 orc priests
  Crazy Yiuf (D:6)
  A hound (D:7)
  A centaur skeleton (D:5)
  Natasha (D:3)
  3 worker ants
  5 adders
  A white imp (D:6)
  An ufetubus (D:6)
  An ooze (D:5)
  An adder skeleton (D:4)
  2 adder zombies
  8 worms
  2 dart slugs
  A leopard gecko (D:1)
  23 orcs
  4 giant cockroaches
  4 goblins
  5 jackals
  3 kobolds
  A quokka (D:7)
  3 bats (D:2)
  4 frilled lizards
  A quokka skeleton (D:5)
  2 rats (D:7)
104 creatures vanquished.

Notes
Turn   | Place    | Note
-------+----------+-------------------------------------------
     0 | D:1      | Flugslaktarn the Deep Dwarf Fighter began the quest for the
                  | Orb.
     0 | D:1      | Reached XP level 1. HP: 20/20 MP: 1/1
   168 | D:1      | Reached XP level 2. HP: 21/27 MP: 2/2
   249 | D:2      | Reached XP level 3. HP: 34/34 MP: 3/3
   268 | D:2      | Reached skill level 3 in Axes
   543 | D:2      | Found a broken altar of Ashenzari.
   563 | D:3      | Noticed Natasha
   575 | D:3      | Killed Natasha
   575 | D:3      | Reached XP level 4. HP: 19/42 MP: 4/4
   862 | D:3      | Found an opulent altar of Gozag.
   893 | D:3      | Found a snail-covered altar of Cheibriados.
   989 | D:4      | Reached XP level 5. HP: 23/50 MP: 5/5
   992 | D:4      | Reached skill level 4 in Axes
  1102 | D:4      | Found an ancient bone altar of Kikubaaqudgha.
  1134 | D:4      | Reached XP level 6. HP: 36/57 MP: 5/5
  1153 | D:4      | Found a staircase to the Ecumenical Temple.
  1319 | Temple   | Entered the Ecumenical Temple
  1447 | Temple   | Became a worshipper of Makhleb the Destroyer
  1608 | D:5      | Entered Level 5 of the Dungeon
  1608 | D:5      | Noticed an orc warrior
  1626 | D:4      | Killed an orc warrior
  1632 | D:5      | Reached skill level 1 in Invocations
  1762 | D:5      | Reached skill level 5 in Axes
  1775 | D:5      | Noticed an ice beast
  1790 | D:5      | Killed an ice beast
  1790 | D:5      | Reached XP level 7. HP: 47/66 MP: 5/5
  1858 | D:5      | Reached skill level 5 in Fighting
  2018 | D:5      | Reached * piety under Makhleb
  2061 | D:5      | Reached skill level 5 in Shields
  2328 | D:6      | Reached skill level 5 in Armour
  2334 | D:6      | Reached XP level 8. HP: 33/75 MP: 6/6
  2339 | D:6      | Reached skill level 6 in Axes
  2619 | D:6      | Found a runed translucent door.
  2620 | D:6      | Noticed Crazy Yiuf
  2852 | D:6      | Reached skill level 7 in Axes
  2931 | D:6      | Killed Crazy Yiuf
  3155 | D:7      | Found a shimmering altar of Xom.
  3251 | D:7      | Noticed a moth of wrath
  3328 | D:7      | Found a bloodstained altar of Trog.
  3340 | D:7      | Reached ** piety under Makhleb
  3372 | D:7      | Noticed Harold
  3392 | D:7      | Slain by Harold

Illustrated notes

Levels and vault maps discovered:
D:1:      sevenhm_arrival_forest_fort_large_4, layout_rooms
D:2:      kennysheep_six_static_rooms, layout_basic, lemuel_doored_altar,
          kennysheep_small_spiral
D:3:      layout_basic, grunt_gozag_statues, nicolae_overflow_crystal_walls,
          cheibriados_altar_1, uniq_grinder, uniq_natasha
D:4:      layout_cave_pools, overflow_temple_1_default, temple_pool_b
D:5:      layout_basic, due_unseen_surprise
D:6:      layout_loops_ring, minmay_manual_mail, uniq_crazy_yiuf_cottage
D:7:      layout_loops_ring, nicolae_overflow_hidden_temple, tgw_trog,
          serial_bayou_lake_a, uniq_harold
Temple:   regret_index_temple_generic_petals

Skill      XL: |  1  2  3  4  5  6  7  8 |
---------------+-------------------------+-----
Fighting       | 3 4 5 6 |  6.2
Axes           | 3 4 5 7 |  7.7
Shields        | 4 5 |  5.7
Armour         | 4 5 |  5.6
Invocations    | 2 3 4 |  4.4

Action                   |  1- 3 |  4- 6 |  7- 9 || total
-------------------------+-------+-------+-------++-------
Melee: War axe           |    74 |   137 |   257 ||   468
 Abil: Heal Wounds       |     1 |     9 |    12 ||    22
Evoke: Wand              |       |       |     1 ||     1
  Use: Scroll            |       |       |    18 ||    18
       Potion            |       |       |     1 ||     1
Armor: Scale mail        |    27 |    65 |    62 ||   154
       Chain mail        |       |       |    39 ||    39
Dodge: Dodged            |    22 |    38 |    61 ||   121
Block: Kite shield       |    40 |    68 |   121 ||   229

Table legend: (Time is in decaauts)
 A = Elapsed time spent in this place.
 B = Non-inter-level travel time spent in this place.
 C = Inter-level travel time spent in this place.
 D = Time resting spent in this place.
 E = Time spent auto-exploring this place.
 F = Levels seen in this place.
 G = Mean time per level.
                   A        B        C        D        E       F      G
               +--------+--------+--------+--------+--------+-----+--------+
         Total |   3541 |   3327 |    214 |      0 |   2318 |   8 |  442.6 |
       Dungeon |   3377 |   3221 |    156 |      0 |   2215 |   7 |  482.4 |
        Temple |    164 |    106 |     58 |      0 |    103 |   1 |  164.0 |
               +--------+--------+--------+--------+--------+-----+--------+

Top non-repeatable levels by time:
     D:6: 961 daAuts
     D:5: 580 daAuts
     D:4: 518 daAuts
     D:3: 421 daAuts
     D:2: 385 daAuts
     D:7: 313 daAuts
     D:1: 195 daAuts
  Temple: 164 daAuts
